 Dungeon Crawl Stone Soup version 0.22-a0-614-g34fbaa0 (webtiles) character file.

12585 Draznyth the Severer (level 11, -5/160 HPs)
             Began as a Minotaur Berserker on July 17, 2018.
             Was a High Priest of Trog.
             Killed from afar by an electric eel (7 damage)
             ... with a bolt of electricity
             ... on level 10 of the Dungeon.
             The game lasted 00:24:31 (12559 turns).

Draznyth the Severer (Minotaur Berserker)          Turns: 12559, Time: 00:24:32

Health: -5/160     AC: 13    Str: 30    XL:     11   Next: 64%
Magic:  10/10      EV:  8    Int:  8    God:    Trog [*****.]
Gold:   713        SH:  0    Dex: 15    Spells: 10/10 levels left

rFire    . . .     SeeInvis .   M - +3 battleaxe (freeze)
rCold    . . .     Gourm    .   (shield currently unavailable)
rNeg     . . .     Faith    .   F - +0 plate armour
rPois    .         Spirit   .   o - +0 hat
rElec    .         Reflect  .   d - scarf {repulsion}
rCorr    .         Harm     .   v - +0 pair of gloves
MR       +++++                  y - +0 pair of boots
Stlth    ..........             (no amulet)
HPRegen  1.36/turn              O - ring of the Mage {Wiz MR++ Int+3}
MPRegen  0.12/turn              J - ring of the Salamander {MR+ Dex+6}

@: berserking, regenerating, repel missiles, very quick
A: retaliatory headbutt, horns 2
a: Berserk, Trog's Hand, Brothers in Arms, Renounce Religion


You were on level 10 of the Dungeon.
You worshipped Trog.
Trog was extremely pleased with you.
You were hungry.

You visited 2 branches of the dungeon, and saw 11 of its levels.

You collected 748 gold pieces.
You spent 35 gold pieces at shops.

Inventory:

Hand Weapons
 D - a +1 flail of crushing
 L - a +2 war axe of electrocution
 M - a +3 battleaxe of freezing (weapon)
Missiles
 j - 71 arrows
 n - 103 sling bullets
 r - 162 bolts
Armour
 d - a scarf of repulsion (worn)
 h - a +0 buckler
 o - a +0 hat (worn)
 v - a +0 pair of gloves (worn)
 y - a +0 pair of boots (worn)
 F - a +0 plate armour (worn)
Jewellery
 J - the ring of the Salamander (right hand) {MR+ Dex+6}
   (You found it on level 9 of the Dungeon)

   [ring of protection from magic]

   It affects your dexterity (+6).
   It affects your resistance to hostile enchantments.
 O - the ring of the Mage (left hand) {Wiz MR++ Int+3}
   (You found it on level 1 of the Lair of Beasts)

   [ring of wizardry]

   It improves your spell success rate.
   It affects your intelligence (+3).
   It affects your resistance to hostile enchantments.
Wands
 A - a wand of paralysis (14)
Scrolls
 a - a scroll of fear {unknown}
 e - 4 scrolls of remove curse
 f - 3 scrolls of blinking
 i - a scroll of random uselessness {unknown}
 m - 4 scrolls of teleportation
 s - 3 scrolls of identify
 u - 3 scrolls of magic mapping
 E - a scroll of immolation
 H - 2 scrolls of silence {unknown}
 N - 2 scrolls of enchant weapon {unknown}
Potions
 b - 3 potions of mutation
 g - a potion of brilliance {unknown}
 k - 2 potions of might
 l - 2 potions of magic {unknown}
 p - a potion of agility {unknown}
 q - a potion of invisibility {unknown}
 t - a potion of heal wounds {unknown}
 w - 2 potions of lignification
 x - a potion of ambrosia {unknown}
 z - 2 potions of curing
 B - a potion of flight {unknown}
Comestibles
 c - 14 rations


   Skills:
 + Level 13.0 Fighting
 * Level 17.2 Axes
 - Level 2.4 Armour
 - Level 2.1 Dodging


You had 10 spell levels left.
You didn't know any spells.
Your spell library was empty.

Dungeon Overview and Level Annotations

Branches:
Dungeon (10/15)            Temple (0/1) D:7            Lair (1/6) D:10
    Orc: D:9-12

Altars:
Hepliaklqana
Makhleb

Shops:
D:4 *   D:7 *


Innate Abilities, Weirdness & Mutations

You reflexively headbutt those who attack you in melee.
You have a pair of horns on your head.


Message History

The bolt of electricity hits the electric eel.
The electric eel completely resists.
The bolt of electricity hits you!
* * * LOW HITPOINT WARNING * * *
The electric eel shoots out a bolt of lightning at you!
The bolt of electricity hits you!
* * * LOW HITPOINT WARNING * * *
The bolt of electricity hits you!
* * * LOW HITPOINT WARNING * * *
You miss the electric eel. Your headbutt misses the electric eel.
You slash the plant! You freeze the plant.
The electric eel shoots out a bolt of lightning at you!
The bolt of electricity hits you!
* * * LOW HITPOINT WARNING * * *
You slash the electric eel! You freeze the electric eel.
You kill the electric eel!
Trog accepts your kill.
You hit the plant. You freeze the plant.
The electric eel shoots out a bolt of lightning at you!
The bolt of electricity hits you!
You die...

#.# #......#.. #.# ##....#...
###.# ####........ ###..###
##...........
###...##.########............
##.....#..#...(.≈##'##........
###......#.#'..≈P)≈≈#.#..##.....
#........#.#....P$.≈#.#.###.....
##......##≈#...@.$≈≈#≈#.# ##....
#.[....#≈≈##..†≈;≈##≈### ##... #
##....##.##########≈##### ##..
## ##...#..#..P(.≈##≈##...## ###
.# ##...#.#'..PP≈≈≈#≈#.....## #
.###....#.#....≈≈.≈#.#......###
..##....#≈#....≈.≈≈#.#........#
......###≈##..P..≈##.#........##
......# ##.########≈##........<#


You could see an electric eel.

Vanquished Creatures
  4 two-headed ogres
  The ghost of xfalz the Archer, a novice CeHu (D:9)
  Pikel (D:7)
  A spectral centaur (D:9)
  A manticore (D:9)
  Joseph (D:9)
  A centaur zombie (D:10)
  An efreet (D:9)
  A meliai (shapeshifter) (D:10)
  A hornet (D:10)
  A meliai zombie (D:9)
  2 hippogriffs
  A shadow (D:9)
  2 centaur simulacra (D:9)
  4 yaks (Lair:1)
  3 hungry ghosts
  2 hell hounds (D:10)
  3 orc warriors
  3 sky beasts
  A black bear (D:10)
  2 ice beasts (D:7)
  4 slaves (D:7)
  3 phantoms
  6 ogres
  A centaur (D:8)
  3 big kobolds
  6 bullfrogs
  A gnoll sergeant (D:10)
  2 scorpions
  6 wights
  5 electric eels (D:10)
  A howler monkey (D:6)
  4 crimson imps
  6 hounds
  2 quasits
  A bullfrog zombie (D:9)
  2 jellies
  5 orc priests
  A gnoll shaman (D:8)
  10 orc wizards
  2 bullfrog skeletons (D:10)
  2 centaur skeletons
  An iguana (D:7)
  11 worker ants
  A bullfrog simulacrum (D:9)
  A hound skeleton (D:4)
  A howler monkey zombie (D:2)
  14 gnolls
  14 adders
  2 shadow imps (D:7)
  2 oozes
  An adder skeleton (D:6)
  An adder zombie (D:8)
  5 worms
  5 dart slugs
  8 leopard geckos
  47 orcs
  15 giant cockroaches
  10 hobgoblins
  15 jackals
  21 kobolds
  5 quokkas
  A ball python (D:1)
  6 bats
  5 frilled lizards
  7 goblins
  A leopard gecko skeleton (D:4)
  2 quokka skeletons (D:4)
  11 rats
  A plant (D:10)
324 creatures vanquished.

Vanquished Creatures (others)
  A worker ant zombie (D:9)
  A gnoll (D:7)
2 creatures vanquished.

Grand Total: 326 creatures vanquished

Notes
Turn   | Place    | Note
-------+----------+-------------------------------------------
     0 | D:1      | Draznyth the Minotaur Berserker began the quest for the Orb.
     0 | D:1      | Reached XP level 1. HP: 19/19 MP: 0/0
    37 | D:1      | Reached skill level 4 in Axes
    39 | D:1      | Reached XP level 2. HP: 23/27 MP: 1/1
   290 | D:1      | Reached ** piety under Trog
   290 | D:1      | Reached XP level 3. HP: 22/33 MP: 2/2
   730 | D:1      | Reached skill level 5 in Axes
  1081 | D:2      | Reached XP level 4. HP: 17/41 MP: 3/3
  1435 | D:2      | Found a burning altar of Makhleb.
  1439 | D:2      | You fall through a shaft!
  1538 | D:2      | Found a hazy altar of Hepliaklqana.
  1953 | D:3      | Reached *** piety under Trog
  1953 | D:3      | Reached skill level 6 in Axes
  2050 | D:3      | Found a faded altar of an unknown god.
  2073 | D:3      | Reached skill level 5 in Fighting
  2073 | D:3      | Reached XP level 5. HP: 30/48 MP: 4/4
  2644 | D:4      | Reached skill level 7 in Axes
  2644 | D:4      | Reached XP level 6. HP: 35/56 MP: 5/5
  2913 | D:4      | Reached skill level 8 in Axes
  3115 | D:4      | Got an ebony long sword
  3116 | D:4      | Identified the cursed +1 long sword of Vanity {slice, rN+ Int+6} (You found it on level 4 of the Dungeon)
  3157 | D:4      | Reached XP level 7. HP: 59/63 MP: 6/6
  3164 | D:4      | Reached **** piety under Trog
  3599 | D:4      | Found Kiaddeig's General Store.
  3798 | D:4      | Bought a scroll of magic mapping for 35 gold pieces
  3818 | D:5      | Entered Level 5 of the Dungeon
  3837 | D:5      | Reached skill level 9 in Axes
  4843 | D:6      | Reached XP level 8. HP: 66/73 MP: 7/7
  5120 | D:6      | Reached skill level 10 in Axes
  6003 | D:7      | Noticed Pikel
  6017 | D:7      | Killed Pikel
  6017 | D:7      | Reached skill level 11 in Axes
  6028 | D:7      | Reached XP level 9. HP: 51/82 MP: 8/8
  6485 | D:7      | Reached skill level 12 in Axes
  6828 | D:7      | Found a staircase to the Ecumenical Temple.
  6995 | D:7      | Found Ecwoebuw's Assorted Antiques.
  7256 | D:8      | Reached ***** piety under Trog
  7281 | D:8      | Noticed a two-headed ogre
  7294 | D:8      | Killed a two-headed ogre
  7294 | D:8      | Reached skill level 10 in Fighting
  7294 | D:8      | Reached skill level 13 in Axes
  8098 | D:8      | Reached XP level 10. HP: 92/94 MP: 9/9
  8130 | D:8      | Reached skill level 14 in Axes
  8767 | D:9      | Noticed a two-headed ogre
  8773 | D:9      | Killed a two-headed ogre
  9047 | D:9      | Noticed a two-headed ogre
  9052 | D:9      | Killed a two-headed ogre
  9052 | D:9      | Reached skill level 15 in Axes
  9134 | D:9      | Noticed Joseph
  9144 | D:9      | Killed Joseph
  9233 | D:9      | Noticed a manticore
  9256 | D:9      | Killed a manticore
  9712 | D:9      | Found a runed gate.
  9713 | D:9      | Found a runed gate.
  9713 | D:9      | Found a runed gate.
  9717 | D:9      | Noticed xfalz's ghost (novice CeHu)
  9717 | D:9      | Noticed a spectral centaur warrior
  9721 | D:9      | Reached XP level 11. HP: 104/104 MP: 10/10
  9732 | D:9      | Reached skill level 16 in Axes
  9743 | D:9      | Killed xfalz's ghost
  9749 | D:9      | Got a bound ivory ring
 10023 | D:9      | Identified the ring of the Salamander {MR+ Dex+6} (You found it on level 9 of the Dungeon)
 10788 | D:10     | Entered Level 10 of the Dungeon
 10854 | D:10     | Received a gift from Trog
 10950 | D:10     | Paralysed by a hornet for 1 turns
 11200 | D:10     | Found a staircase to the Lair.
 11480 | Lair:1   | Entered Level 1 of the Lair of Beasts
 11480 | Lair:1   | Found the ring of the Mage {Wiz MR++ Int+3}
 11816 | D:10     | Noticed a two-headed ogre
 11824 | D:10     | Killed a two-headed ogre
 11896 | D:10     | Reached skill level 17 in Axes
 12557 | D:10     | HP: 7/160 [electric eel/bolt of electricity (8)]
 12558 | D:10     | HP: 1/160 [electric eel/bolt of electricity (7)]
 12559 | D:10     | Killed from afar by an electric eel

Vault maps used:
D:1:      dpeg_arrival_pond, minmay_surrounded
D:2:      lemuel_upstairs_altar, lightli_temple_of_fire, first_ration
D:3:      chequers_ecumenical_altar_simple_redux, hangedman_decor_push,
          grunt_decor_resistance
D:4:      minmay_opposing_rooms, serial_shops, nicolae_shop_crystal
D:7:      minmay_temple_entry_fiery, serial_shops, shop, uniq_pikel
D:9:      minmay_the_grid_four_pointed_star_mashed, gammafunk_ghost_necromancy,
          uniq_joseph
D:10:     cheibrodos_two_vegetables, minmay_lair_entry_lava
Lair:1:   lemuel_old_faithful, minmay_lair_oklob_chamber

Skill      XL: |  1  2  3  4  5  6  7  8  9 10 11 |
---------------+----------------------------------+-----
Axes           | 4 5 6 7 8 9 11 13 15 17 | 17.2
Fighting       | 4 5 6 7 8 10 12 13 | 13.0
Armour         | |  2.4
Dodging        | |  2.1

Action                   |  1- 3 |  4- 6 |  7- 9 | 10-12 || total
-------------------------+-------+-------+-------+-------++-------
Melee: Hand axe          |    78 |   158 |   426 |   251 ||   913
       Headbutt          |    14 |    20 |    92 |    79 ||   205
       Battleaxe         |       |       |       |    84 ||    84
Invok: Trog's Hand       |       |     1 |     1 |     2 ||     4
       Berserk           |       |     1 |     3 |     6 ||    10
  Use: Scroll            |       |     2 |     1 |    11 ||    14
       Potion            |       |       |       |     1 ||     1
 Stab: Distracted        |       |       |     1 |       ||     1
  Eat: Chunk             |     1 |     7 |    17 |    16 ||    41
       Ration            |       |       |     2 |     4 ||     6
Armor: Animal skin       |    18 |       |       |       ||    18
       Chain mail        |       |    91 |    94 |       ||   185
       Plate armour      |       |       |    59 |   144 ||   203
Dodge: Dodged            |    56 |    79 |    96 |    95 ||   326
       Deflected         |     3 |       |     3 |     4 ||    10
Block: Buckler           |     7 |    17 |    37 |    23 ||    84

Table legend:
 A = Spawn XP
 B = Non-spawn XP
 C = Spawn XP percentage of total XP
 D = Spawn monster count
 E = Non-spawn monster count
 F = Spawn count percentage of total count
 G = Total turns spent on level
                    A         B        C        D         E        F      G
               +---------+---------+-------+---------+---------+-------+---------
         Total |       0 |   17979 |   0.0 |       0 |     321 |   0.0 | 12559
               +---------+---------+-------+---------+---------+-------+---------
           D:1 |       0 |      63 |   0.0 |       0 |      33 |   0.0 |   945
           D:2 |       0 |      90 |   0.0 |       0 |      26 |   0.0 |   815
           D:3 |       0 |     112 |   0.0 |       0 |      26 |   0.0 |   741
           D:4 |       0 |     785 |   0.0 |       0 |      37 |   0.0 |  1487
           D:5 |       0 |     268 |   0.0 |       0 |      10 |   0.0 |   811
           D:6 |       0 |     531 |   0.0 |       0 |      16 |   0.0 |   881
           D:7 |       0 |    1500 |   0.0 |       0 |      31 |   0.0 |  1542
           D:8 |       0 |    2858 |   0.0 |       0 |      53 |   0.0 |  1463
           D:9 |       0 |    6941 |   0.0 |       0 |      47 |   0.0 |  2103
          D:10 |       0 |    3918 |   0.0 |       0 |      37 |   0.0 |  1579
        Lair:1 |       0 |     913 |   0.0 |       0 |       5 |   0.0 |   192
               +---------+---------+-------+---------+---------+-------+---------
